 Dungeon Crawl Stone Soup version 0.29.0-7-g18a832c13a (webtiles) character file.

Game seed: 3733192892003320358

86 Zeldest the Trooper (level 5, 0/47 HPs)
             Began as a Meteoran Delver on Aug 30, 2022.
             Was an Initiate of Wu Jian.
             Slain by an iguana (4 damage)
             ... on level 5 of the Dungeon.
             The game lasted 00:06:57 (1169 turns).

Zeldest the Trooper (Meteoran Delver)               Turns: 1169, Time: 00:06:58

Health: 0/47       AC:  6    Str: 13    XL:     5   Next: 7%
Magic:  6/6        EV:  9    Int: 13    God:    Wu Jian [......]
Gold:   191        SH:  0    Dex: 16    Spells: 4/4 levels left

rFire   + + .      SeeInvis .     - Unarmed
rCold   . . .      Faith    .   (no shield)
rNeg    . . .      Spirit   .   n - +0 scale mail "Apuickopt" {rElec rF++}
rPois   .          Reflect  .   (no helmet)
rElec   +          Harm     .   (no cloak)
rCorr   .          Rampage  .   (no gloves)
Will    .....                   (no boots)
Stlth   +.........              (no amulet)
HPRegen 0.15/turn               (no ring)
MPRegen 0.10/turn               (no ring)

@: hasted, glowing, very quick
A: sense surroundings 1, otherworldly, glowing, explore regen
a: Renounce Religion


You were on level 5 of the Dungeon.
You worshipped Wu Jian.
Wu Jian was noncommittal.
You visited 2 branches of the dungeon, and saw 6 of its levels.

You collected 191 gold pieces.

Inventory:

Armour
 n - the +0 scale mail "Apuickopt" (worn) {rElec rF++}
   (You found it on level 3 of the Dungeon)

   rF:        It greatly protects you from fire.
   rElec:     It insulates you from electricity.
Jewellery
 p - a ring of resist corrosion
Wands
 f - a wand of digging (3)
 g - a wand of paralysis (11)
 k - a wand of iceblast (2)
Scrolls
 b - 2 scrolls of fog
 c - 2 scrolls of amnesia {unknown}
 d - a scroll of fear
 h - 2 scrolls of blinking {unknown}
 i - a scroll of enchant armour {unknown}
 j - 2 scrolls of identify {unknown}
 l - a scroll of magic mapping
 o - a scroll of teleportation {unknown}
Potions
 a - a potion of berserk rage {unknown}
 e - a potion of haste
 m - a potion of invisibility {unknown}


   Skills:
 + Level 4.4 Fighting
 + Level 0.0 Armour
 - Level 2.4 Dodging
 - Level 3.7 Stealth
 + Level 4.1 Unarmed Combat
 - Level 1.5 Evocations


You had 4 spell levels left.
You didn't know any spells.
Your spell library contained the following spells:

 Spells                   Type           Power      Damage    Failure   Level
 Conjure Flame            Conj/Fire      0%         6-21      99%         3
 Ignite Poison            Fire/Tmut/Pois 0%         N/A       99%         3
 Sticky Flame             Conj/Fire      0%         2d3       100%        4


Dungeon Overview and Level Annotations

Branches:
Dungeon (5/15) Zot: 1845   Temple (1/1) D:4 Zot: 558

Altars:
Dithmenos
Fedhas
Gozag
Kikubaaqudgha
Makhleb
Nemelex Xobeh
Okawaru
Qazlal
Ru
Trog
Uskayaw
Wu Jian
Xom
Yredelemnul
Zin


Innate Abilities, Weirdness & Mutations

You passively map a small area around you.
You are easily found by Zot.
You glow in the dark.
You regain HP and MP as you explore.


Message History

Found a scroll labelled GELIOZ WYITRUWN.
There is a stone staircase leading up here.
You see here a scroll labelled GELIOZ WYITRUWN.
h - 2 scrolls labelled GELIOZ WYITRUWN (gained 1)
Found a leather armour.
Found a scroll labelled SUOWKAMEIP.
Found a stone staircase leading up.
Found a stone staircase leading down.
An iguana comes into view.
The iguana hisses menacingly.
You see here a scroll labelled SUOWKAMEIP.
j - 2 scrolls labelled SUOWKAMEIP (gained 1)
You hit the iguana. You punch the iguana.
The iguana is moderately wounded.
The iguana bites you!
You hit the iguana.
The iguana is heavily wounded.
The iguana bites you.
You hit the iguana.
The iguana is heavily wounded.
The iguana bites you but does no damage.
You barely miss the iguana.
The iguana is heavily wounded.
The iguana bites you!
You hit the iguana.
The iguana is severely wounded.
The iguana closely misses you. The iguana bites you.
You hit the iguana but do no damage.
The iguana is heavily wounded.
The iguana bites you.
You barely miss the iguana.
The iguana is heavily wounded.
The iguana bites you.
* * * LOW HITPOINT WARNING * * *
You completely miss the iguana.
The iguana is heavily wounded.
The iguana bites you!
* * * LOW HITPOINT WARNING * * *
You feel yourself speed up. The iguana bites you.
You die...

*,,**~~⌠~~****#####*****,,*,*,,,*
~~~~~~,,,~~**,....# *,,*,*,,,*
,,,,,,,_,⌠~**,#...# *,,*,*,,,*
~~~~~~,,,~~**,....# *,,*,*,,,*
*,,**~~⌠~~#**##...###***,,*,*,,,*
,,,,**~~~##.,,......,,,,,,*+*,,,*
,*,,,***##..###.#.######,*,,,,,,,
,*****,,.............<..,+,,,,,,,
,,,,,+,,.......l@#...###,*,,,,,,,
******,,...###...#.....,,,,,,,,,,
,,,,**,,.........#..#*#*,,*,*****
***,****###.........###...,,*
,,,,,,,,.................>,,*
********###.####.#.######,,,*
#.,,...#.#...,,,,,*
****########.#.####.#,*
*,,,,................,*


You could see an iguana.

Vanquished Creatures
  A hound (D:4)
  An adder (D:4)
  5 dart slugs
  An orc (D:3)
  A ball python (D:4)
  2 bats (D:1)
  5 endoplasms
  2 giant cockroaches
  2 hobgoblins
  2 jackals (D:1)
  2 kobolds (D:1)
  A quokka (D:2)
  4 frilled lizards
  2 goblins
  4 rats
35 creatures vanquished.

Vanquished Creatures (others)
  A fungus (D:3)
1 creature vanquished.

Grand Total: 36 creatures vanquished

Notes
Turn   | Place    | Note
-------+----------+-------------------------------------------
     0 | D:5      | Zeldest the Meteoran Delver began the quest for the Orb.
     0 | D:5      | Reached XP level 1. HP: 19/19 MP: 2/2
    41 | D:4      | Noticed a hound
    52 | D:4      | Killed a hound
    53 | D:4      | Reached XP level 2. HP: 27/27 MP: 3/3
    53 | D:4      | Reached XP level 3. HP: 33/33 MP: 4/4
   102 | D:3      | Found a glowing silver altar of Zin.
   103 | D:3      | Noticed an angel
   165 | D:3      | Found a faded altar of an unknown god.
   276 | D:3      | Reached XP level 4. HP: 32/40 MP: 5/5
   303 | D:3      | Found a sacrificial altar of Ru.
   303 | D:3      | Identified the +0 scale mail "Apuickopt" {rElec rF++}
   608 | D:1      | Reached skill level 1 in Evocations
   999 | D:4      | Reached XP level 5. HP: 17/47 MP: 6/6
  1026 | D:4      | Found a staircase to the Ecumenical Temple.
  1035 | Temple   | Entered the Ecumenical Temple
  1063 | Temple   | Became a worshipper of the Wu Jian Council
  1169 | D:5      | Slain by an iguana

Illustrated notes

Levels and vault maps discovered:
D:1:      saegor_arrival_miasma, layout_basic, serial_bayou_pond_c
D:2:      layout_basic, grunt_ministairs_5, uniq_terence
D:3:      layout_rooms, zin_angel, mainiacjoe_overflow_boulevard, serial_rivers,
          chequers_serial_rivers_room_b, chequers_serial_rivers_micro_b,
          chequers_serial_rivers_micro_e, chequers_serial_rivers_room_b,
          chequers_serial_rivers_large_b, chequers_serial_rivers_room_b,
          chequers_ecumenical_altar_simple, kennysheep_doodads,
          reono_crystal_passage, minmay_misc_feat_enclosed,
          dreamdust_wishing_well, grunt_decor_cap,
          chequers_serial_rivers_small_a
D:4:      layout_loops_corners, minmay_temple_entry_antechambers,
          kennysheep_generic_room_9, uniq_grinder
D:5:      layout_basic, mainiacjoe_overflow_swirl, nicolae_elyvilon_temple_path,
          jmf_multi_god_temple
Temple:   nicolae_temple_ecumenical_triangle

Skill      XL: |  1  2  3  4 |
---------------+-------------+-----
Fighting       | 4 |  4.4
Unarmed Combat | 3 4 |  4.1
Evocations     | 1 |  1.5
Dodging        | |  2.4
Stealth        | |  3.7

Action                   |  1- 3 |  4- 6 || total
-------------------------+-------+-------++-------
Melee: Unarmed           |    29 |    91 ||   120
       Punch             |     2 |     3 ||     5
Evoke: Wand              |     2 |       ||     2
  Use: Scroll            |     1 |     1 ||     2
       Potion            |       |     1 ||     1
 Stab: Paralysed         |     4 |       ||     4
       Sleeping          |     1 |       ||     1
Armor: Leather armour    |     1 |       ||     1
       Scale mail        |       |    31 ||    31
Dodge: Dodged            |    11 |    28 ||    39
